 Dungeon Crawl Stone Soup version 0.28.0-53-g5a82cb258f (webtiles) character file.

Game seed: 4706403346603294766

366 Neuros91 the Cudgeller (level 7, 54/54 HPs)
             Began as a Human Fighter on June 16, 2022.
             Quit the game on level 5 of the Dungeon.
             The game lasted 00:16:44 (4392 turns).

Neuros91 the Cudgeller (Human Fighter)              Turns: 4392, Time: 00:16:44

Health: 54/54      AC: 13    Str: 22    XL:     7   Next: 0%
Magic:  7/7        EV: 11    Int:  5    God:
Gold:   167        SH:  5    Dex: 13    Spells: 6/6 levels left

rFire   . . .      SeeInvis .   a - +0 flail
rCold   . . .      Faith    .   c - +0 buckler
rNeg    . . .      Spirit   .   p - +0 chain mail
rPois   .          Reflect  .   q - +2 helmet "Luifemus" {Harm Will+++ Str+4 Int-3}
rElec   .          Harm     +   f - +0 cloak
rCorr   .          Rampage  .   (no gloves)
Will    +++..                   (no boots)
Stlth   ..........              (no amulet)
HPRegen 0.18/turn               n - +4 ring of evasion
MPRegen 0.10/turn               (no ring)

@: no status effects
A: no striking features
a: no special abilities


You were on level 5 of the Dungeon.
You visited 1 branch of the dungeon, and saw 5 of its levels.

You collected 167 gold pieces.

Inventory:

Hand Weapons
 a - a +0 flail (weapon)
Missiles
 e - 2 poisoned darts
 g - 5 atropa-tipped darts
 i - 6 datura-tipped darts (quivered)
Armour
 c - a +0 buckler (worn)
 f - a +0 cloak (worn)
 p - a +0 chain mail (worn)
 q - the +2 helmet "Luifemus" (worn) {Harm Will+++ Str+4 Int-3}
   (You found it on level 4 of the Dungeon)

   Str:       It affects your strength (+4).
   Int:       It affects your intelligence (-3).
   Harm:      It increases damage dealt and taken.
   Will:      It greatly increases your willpower.
Jewellery
 n - a +4 ring of evasion (left hand)
Wands
 k - a wand of charming (8)
Scrolls
 m - 2 scrolls of blinking
Potions
 b - a potion of cancellation {unknown}
 d - a potion of brilliance {unknown}
 h - 4 potions of curing
 j - 2 potions of lignification
 l - 2 potions of attraction
 o - a potion of haste {unknown}


   Skills:
 - Level 4.3 Fighting
 + Level 5.2 Maces & Flails
 - Level 3.5 Armour
 - Level 1.2 Dodging
 - Level 3.4 Shields


You had 6 spell levels left.
You didn't know any spells.
Your spell library contained the following spells:

 Spells                   Type           Power      Damage    Failure   Level
 Animate Skeleton         Necr           0%         N/A       99%         1
 Apportation              Tloc           0%         N/A       99%         1
 Summon Small Mammal      Summ           0%         N/A       99%         1
 Ensorcelled Hibernation  Hex/Ice        0%         N/A       100%        2
 Passwall                 Tmut/Erth      0%         N/A       100%        2
 Spider Form              Tmut/Pois      0%         N/A       100%        3
 Swiftness                Air            0%         N/A       100%        3
 Anguish                  Hex/Necr       0%         N/A       100%        4
 Summon Ice Beast         Ice/Summ       0%         N/A       100%        4
 Summon Mana Viper        Hex/Summ       0%         N/A       100%        5
 Monstrous Menagerie      Summ           0%         N/A       100%        7


Dungeon Overview and Level Annotations

Branches:
Dungeon (5/15)
 Temple: D:4-7

Altars:

Annotations:
D:5 Edmund


Message History

The bullfrog hits you!
* * * LOW HITPOINT WARNING * * *
You hit the bullfrog.
The bullfrog is moderately wounded.
The bullfrog closely misses you.
The bullfrog hits you but does no damage.
You hit the bullfrog.
The bullfrog is severely wounded.
The bullfrog snags a nearby mosquito with its tongue.
The bullfrog hits you but does no damage.
The bullfrog closely misses you.
You closely miss the bullfrog.
The bullfrog is heavily wounded.
The bullfrog misses you. The bullfrog barely misses you.
You closely miss the bullfrog.
The bullfrog is heavily wounded.
The bullfrog misses you.
You hit the bullfrog.
The bullfrog is severely wounded.
The bullfrog barely misses you. You block the bullfrog's attack.
You hit the bullfrog.
The bullfrog is severely wounded.
You block the bullfrog's attack. The bullfrog closely misses you.
You sock the bullfrog!
You kill the bullfrog!
Your Maces & Flails skill increases to level 5!
You have reached level 7!
You start resting.
Edmund is nearby!
You start resting.
HP restored.
You see here a +0 hunting sling.
There is a stone staircase leading up here.
Found 19 sling bullets.
You see here a +0 cloak.
f - a +0 cloak You start putting on your armour.
You continue putting on your +0 cloak. x4
You finish putting on your +0 cloak.
You now have 167 gold pieces (gained 9).
Are you sure you want to abandon this character and quit the game? (Confirm with "yes".)

...###.(. .... .
^........ ..# .. ###
.......##..#....#.
#...##...........##.#.#
#..#..#.##...#).......
#...........#.#.#.##.
#...........#.#....
#...#..............
#.@##...#.....#....
#...(.#...>.#..##......
###...#.....#.###.#.##.
##........#.##...###.
##..##...#..#.#####.
##..# #...##...##....
##...# #..#......#...#
##....####.#..<......##
##......###.>.<.<.....#.


There were no monsters in sight!

Vanquished Creatures
  An ogre (D:4)
  A bullfrog (D:5)
  A jelly (D:4)
  A scorpion zombie (D:5)
  A killer bee zombie (D:4)
  A hound skeleton (D:4)
  A howler monkey zombie (D:5)
  5 adders
  A shadow imp (D:5)
  An adder skeleton (D:4)
  2 dart slugs (D:2)
  3 orcs
  6 ball pythons
  3 bats
  3 endoplasms
  4 giant cockroaches (D:1)
  6 goblins
  5 hobgoblins
  4 jackals (D:2)
  2 quokkas
  2 frilled lizards
  5 kobolds
  10 rats
69 creatures vanquished.

Vanquished Creatures (others)
  A goblin (D:2)
  4 plants (D:2)
5 creatures vanquished.

Grand Total: 74 creatures vanquished

Notes
Turn   | Place    | Note
-------+----------+-------------------------------------------
     0 | D:1      | Neuros91 the Human Fighter began the quest for the Orb.
     0 | D:1      | Reached XP level 1. HP: 18/18 MP: 1/1
   259 | D:1      | Reached XP level 2. HP: 24/24 MP: 2/2
   637 | D:1      | Reached XP level 3. HP: 28/29 MP: 3/3
  1222 | D:2      | Reached skill level 1 in Dodging
  1222 | D:2      | Reached XP level 4. HP: 35/35 MP: 4/4
  2362 | D:3      | Found a faded altar of an unknown god.
  3081 | D:4      | Noticed an ogre
  3087 | D:4      | Killed an ogre
  3088 | D:4      | Reached skill level 3 in Maces & Flails
  3088 | D:4      | Reached XP level 5. HP: 15/42 MP: 5/5
  3360 | D:4      | Reached XP level 6. HP: 46/48 MP: 6/6
  3482 | D:4      | Identified the +2 helmet "Luifemus" {Harm Will+++ Str+4
                  | Int-3}
  3832 | D:4      | Reached skill level 4 in Maces & Flails
  3984 | D:5      | Entered Level 5 of the Dungeon
  4089 | D:5      | Noticed a black bear
  4092 | D:5      | Noticed Edmund
  4132 | D:5      | Reached skill level 5 in Maces & Flails
  4132 | D:5      | Reached XP level 7. HP: 14/54 MP: 7/7
  4392 | D:5      | Quit the game

Illustrated notes

Levels and vault maps discovered:
D:1:      nicolae_arrival_memento_mori, layout_basic
D:2:      cheibrodos_old_hovel, layout_loops_ring, grunt_ministairs_4
D:3:      layout_basic, shapermc_ecumenical_altar_mp_highgroup
D:4:      layout_basic
D:5:      layout_cave_pools, minmay_temple_entry_ruins, uniq_edmund,
          uniq_blork_the_orc

Skill      XL: |  1  2  3  4  5  6 |
---------------+-------------------+-----
Dodging        | 1 |  1.2
Fighting       | 4 |  4.3
Maces & Flails | 3 5 |  5.2
Armour         | |  3.5
Shields        | |  3.4

Action                   |  1- 3 |  4- 6 |  7- 9 || total
-------------------------+-------+-------+-------++-------
Melee: Flail             |    88 |   145 |       ||   233
  Use: Scroll            |       |     8 |       ||     8
       Potion            |       |     2 |       ||     2
Armor: Scale mail        |    46 |    47 |       ||    93
       Chain mail        |       |    22 |       ||    22
Dodge: Dodged            |    37 |    78 |       ||   115
Block: Buckler           |    24 |    44 |       ||    68
